 Dungeon Crawl Stone Soup version 0.31-a0-210-gccc998df9b (webtiles) character file.

Game seed: 9347743499462675908

235 qw the Shooter (level 5, -1/45 HPs)
             Began as a Minotaur Hexslinger on June 29, 2023.
             Slain by a gnoll
             ... wielding a +0 halberd
              (12 damage)
             ... on level 3 of the Dungeon.
             The game lasted 00:01:11 (2657 turns).

qw the Shooter (Minotaur Hexslinger)                Turns: 2657, Time: 00:01:12

Health: -1/45      AC:  5    Str: 12    XL:     5   Next: 76%
Magic:  5/5        EV: 17    Int: 10    God:
Gold:   141        SH:  0    Dex: 15    Spells: 5/6 levels left

rFire   . . .        Y - +1 sling
rCold   . . .        (no shield)
rNeg    . . .        j - +0 leather armour
rPois   +            (helmet restricted)
rElec   .            c - +0 cloak
rCorr   .            (no gloves)
SInv    .            f - +0 pair of boots
Will    .....        (no amulet)
Stlth   +            g - ring of poison resistance
HPRegen 0.27/turn    b - +5 ring of evasion
MPRegen 0.09/turn

%: no passive effects
@: about to teleport
A: horns 2, retaliatory headbutt
a: no special abilities


You were on level 3 of the Dungeon.
You visited 1 branch of the dungeon, and saw 3 of its levels.
You also visited: Sewer.

You collected 141 gold pieces.


Innate Abilities, Weirdness & Mutations

You have a pair of horns on your head.
You reflexively headbutt those who attack you in melee.


   Skills:
 + Level 3.0 Fighting
 - Level 6.0 Ranged Weapons
 - Level 1.1 Armour
 - Level 2.1 Dodging
 - Level 1.0 Spellcasting
 - Level 2.0 Hexes


You had 5 spell levels left.
You knew the following spells:

 Your Spells              Type           Power      Damage    Failure   Level
a - Slow                  Hex            16%        N/A       19%         1

Your spell library contained the following spells:

 Spells                   Type           Power      Damage    Failure   Level
 Inner Flame              Hex/Fire       2%         N/A       65%         3
 Portal Projectile        Hex/Tloc       4%         N/A       65%         3
 Cause Fear               Hex            2%         N/A       88%         4

Inventory:

Hand Weapons
 Y - a +1 sling (weapon)
Armour
 c - a +0 cloak (worn)
 f - a +0 pair of boots (worn)
 j - a +0 leather armour (worn)
Jewellery
 b - a +5 ring of evasion (right hand)
 g - a ring of poison resistance (left hand)
Scrolls
 h - a scroll of identify
Potions
 a - a potion of haste
 d - 2 potions of cancellation
 e - a potion of curing {unknown}
 i - a potion of magic {unknown}
 k - a potion of might {unknown}
 l - a potion of mutation {unknown}
 o - 7 potions of enlightenment

Dungeon Overview and Level Annotations

Branches:
Dungeon (3/15)              Sewer (visited)

Altars:


Message History

Enter note: You struggle against the net.
A gnoll comes into view. It is wielding a +0 halberd.
You tear a large gash into the net.
The gnoll barely misses you.
You struggle against the net.
The gnoll hits you with a +0 club.
You rip the net and break free!
The gnoll barely misses you.
You shoot a sling bullet. The sling bullet hits the gnoll.
The gnoll is lightly wounded.
The gnoll misses you. The gnoll barely misses you.
You shoot a sling bullet.
The sling bullet barely misses the gnoll.
The gnoll misses you. The gnoll completely misses you.
You shoot a sling bullet.
The sling bullet hits the gnoll but does no damage.
The gnoll is lightly wounded.
The gnoll barely misses you. You furiously retaliate!
You headbutt the gnoll. The gnoll hits you but does no damage.
You shoot a sling bullet.
The sling bullet completely misses the gnoll.
The gnoll closely misses you.
The gnoll hits you from afar with a +0 halberd!
You shoot a sling bullet. The sling bullet hits the gnoll.
The gnoll is severely wounded.
The gnoll hits you with a +0 club.
The gnoll hits you from afar with a +0 halberd!
2656 ||| READING scroll of teleportation.
As you read the scroll of teleportation, it crumbles to dust.
You feel strangely unstable. The gnoll misses you. You furiously retaliate!
You headbutt the gnoll. The gnoll misses you.
You shoot a sling bullet.
The sling bullet closely misses the gnoll.
The gnoll barely misses you. You furiously retaliate!
You headbutt the gnoll.
You kill the gnoll!
The gnoll closely misses you.
The gnoll hits you from afar with a +0 halberd!
You die...

#..........#
.... #....#.
############
... ####......
..........#
.........##
....##..<## #
###.......
+#####...
###...##
#.)g..# #...#
#@###.# #...#
#...#.## #.###
###....# #.#
#...)########.#
##.#.).#......#
#.###.#.######
#.....#.#
...#####'.# #
####


You could see a gnoll.

Vanquished Creatures
  3 gnolls (D:3)
  8 adders
  7 river rats (Sewer)
  A worm (D:3)
  A dart slug (D:2)
  An orc (D:2)
  3 endoplasms
  6 giant cockroaches
  5 goblins
  6 hobgoblins
  7 jackals
  2 kobolds (D:1)
  5 quokkas
  8 ball pythons
  11 bats
  7 frilled lizards
  2 rats
83 creatures vanquished.

Notes
Turn   | Place    | Note
-------+----------+-------------------------------------------
     0 | D:1      | qw the Minotaur Hexslinger began the quest for the Orb.
     0 | D:1      | Reached XP level 1. HP: 16/16 MP: 1/1
     0 | D:1      | 0 ||| qw: Version: 0.3-a-24-ga2abf7b
     0 | D:1      | 0 ||| qw: Game counter: 6938
     0 | D:1      | 0 ||| qw: Melee chars always use a shield: true
     0 | D:1      | 0 ||| qw: God list: Okawaru
     0 | D:1      | 0 ||| qw: Allow faded altars: false
     0 | D:1      | 0 ||| qw: Do Orc after clearing Dungeon:15 true
     0 | D:1      | 0 ||| qw: Do second Lair branch before Depths: true
     0 | D:1      | 0 ||| qw: Lair rune preference: random
     0 | D:1      | 0 ||| qw: Goals: Normal
     0 | D:1      | 0 ||| PLANNING D:1-11
    86 | D:1      | Reached skill level 3 in Ranged Weapons
    86 | D:1      | Reached XP level 2. HP: 23/23 MP: 2/2
   189 | D:1      | Found a faded altar of an unknown god.
   293 | D:1      | 293 ||| FLEEEEING.
   294 | D:1      | 294 ||| FLEEEEING.
   295 | D:1      | 295 ||| FLEEEEING.
   296 | D:1      | 296 ||| FLEEEEING.
   297 | D:1      | 297 ||| FLEEEEING.
   298 | D:1      | 298 ||| FLEEEEING.
   299 | D:1      | 299 ||| FLEEEEING.
   300 | D:1      | 300 ||| FLEEEEING.
   301 | D:1      | 301 ||| FLEEEEING.
   302 | D:1      | 302 ||| FLEEEEING.
   303 | D:1      | 303 ||| FLEEEEING.
   304 | D:1      | 304 ||| FLEEEEING.
   555 | D:1      | 555 ||| UPGRADING to +0 pair of boots.
   560 | D:1      | 560 ||| UPGRADING to +0 leather armour.
   570 | D:1      | 570 ||| DROPPING +0 robe.
   571 | D:1      | 571 ||| UPGRADING to ring of poison resistance.
   572 | D:1      | 572 ||| READING scroll labelled JOIHUS NUAF.
   577 | D:1      | 577 ||| READING scroll labelled EJAAXY HEVE.
   578 | D:1      | 578 ||| READING scroll labelled WEAJITS ZOYH.
   679 | D:1      | 679 ||| DRINKING 2 fuming clear potions.
   680 | D:1      | 680 ||| DROPPING scroll of poison.
   706 | D:2      | 706 ||| STAIRDANCE
   715 | D:1      | Reached XP level 3. HP: 14/29 MP: 3/3
  1043 | D:2      | Reached skill level 4 in Ranged Weapons
  1155 | D:2      | Reached XP level 4. HP: 33/36 MP: 4/4
  1432 | D:2      | 1432 ||| UPGRADING to +0 cloak.
  1437 | D:2      | 1437 ||| UPGRADING to +5 ring of evasion.
  1438 | D:2      | 1438 ||| READING scroll labelled XYAT SOGOADYV.
  1439 | D:2      | 1439 ||| READING scroll labelled LAANAI WIRCH.
  1457 | D:3      | 1457 ||| PLANNING SEWER
  1606 | D:3      | Reached skill level 5 in Ranged Weapons
  1610 | D:3      | Found a glowing drain.
  1611 | D:3      | 1611 ||| READING 3 scrolls labelled JEGOGH EHIUJU.
  1612 | D:3      | 1612 ||| READING 2 scrolls of identify.
  1612 | D:3      | 1612 ||| IDENTIFYING yellow potion
  1629 | Sewer    | Entered a sewer
  1681 | Sewer    | HP: 9/36 [river rat (5)]
  1830 | Sewer    | Reached skill level 3 in Fighting
  1840 | Sewer    | 1840 ||| Stepping ~*~*~tactically~*~*~ (water).
  1875 | Sewer    | 1875 ||| Stepping ~*~*~tactically~*~*~ (water).
  1908 | Sewer    | Reached skill level 1 in Armour
  1908 | Sewer    | Reached XP level 5. HP: 43/45 MP: 5/5
  2096 | Sewer    | 2096 ||| Stepping ~*~*~tactically~*~*~ (water).
  2121 | Sewer    | 2121 ||| Stepping ~*~*~tactically~*~*~ (water).
  2160 | Sewer    | 2160 ||| Stepping ~*~*~tactically~*~*~ (water).
  2449 | Sewer    | 2449 ||| READING scroll labelled GEELEPHIDU.
  2546 | D:3      | 2546 ||| PLANNING D:1-11
  2619 | D:3      | Reached skill level 6 in Ranged Weapons
  2655 | D:3      | HP: 10/45 [gnoll/+0 halberd (16)]
  2656 | D:3      | 2656 ||| READING scroll of teleportation.
  2657 | D:3      | Slain by a gnoll

Levels and vault maps discovered:
D:1:      saegor_arrival_simple_c, layout_basic,
          dreamdust_ecumenical_altar_angels_and_demons
D:2:      layout_loops_cross, grunt_ministairs_2
D:3:      layout_rooms, mainiacjoe_overflow_alcove_2, mainiacjoe_overflow_swirl,
          cheibrodos_sewer_entry_sluice

Skill      XL: |  1  2  3  4  5 |
---------------+----------------+-----
Ranged Weapons | 3 4 5 6 |  6.0
Fighting       | 2 3 |  3.0
Armour         | 1 |  1.1
Dodging        | |  2.1
Spellcasting   | |  1.0
Hexes          | |  2.0

Action                     |  1- 3 |  4- 6 || total
---------------------------+-------+-------++-------
   Fire: Sling             |   135 |   156 ||   291
    Use: Scroll            |     3 |     6 ||     9
         Potion            |     1 |       ||     1
 Armour: Robe              |     4 |       ||     4
         Leather armour    |    25 |    16 ||    41
  Dodge: Dodged            |    63 |   131 ||   194

Table legend:
 A = Non-vault XP
 B = Vault XP
 C = Vault XP percentage of total XP
 D = Non-vault monster count
 E = Vault monster count
 F = Vault count percentage of total count
                 A         B        C        D         E       F
            +---------+---------+-------+---------+---------+-------
      Total |     163 |     189 |  53.7 |      46 |      37 |  44.6
            +---------+---------+-------+---------+---------+-------
        D:1 |      28 |      14 |  33.3 |      16 |       2 |  11.1
        D:2 |      83 |       0 |   0.0 |      22 |       0 |   0.0
        D:3 |      52 |       9 |  14.8 |       8 |       3 |  27.3
      Sewer |       0 |     166 | 100.0 |       0 |      32 | 100.0
            +---------+---------+-------+---------+---------+-------
